 Dungeon Crawl Stone Soup version 0.21-a0-442-g848f44b (webtiles) character file.

254 slep the Skirmisher (level 6, 0/52 HPs)
             Began as a Hill Orc Wanderer on Nov 16, 2017.
             Was a Follower of Okawaru.
             Slain by a sky beast (6 damage)
             ... on level 4 of the Dungeon.
             The game lasted 00:10:31 (2380 turns).

slep the Skirmisher (Hill Orc Wanderer)             Turns: 2380, Time: 00:10:32

Health: 0/52       AC:  8    Str: 16    XL:     6   Next: 15%
Magic:  7/7        EV: 11    Int: 11    God:    Okawaru [*.....]
Gold:   174        SH:  0    Dex: 12    Spells: 7/7 levels left

rFire    + . .     SeeInvis .   g - +0 falchion
rCold    . . .     Gourm    .   (no shield)
rNeg     . . .     Faith    +   b - +0 ring mail
rPois    .         Spirit   .   (no helmet)
rElec    .         Reflect  .   (no cloak)
rCorr    .         Harm     .   s - +2 pair of gloves
MR       .....                  (no boots)
Stlth    +.........             k - amulet of faith
HPRegen  0.17/turn              i - ring of protection from fire
MPRegen  0.10/turn              (no ring)

@: no status effects
A: no striking features
a: Heroism, Renounce Religion


You were on level 4 of the Dungeon.
You worshipped Okawaru.
Okawaru was aware of your devotion.
You were not hungry.

You visited 1 branch of the dungeon, and saw 4 of its levels.

You collected 174 gold pieces.

Inventory:

Hand Weapons
 d - a +0 club
 g - a +0 falchion (weapon)
 h - a +0 mace
 p - a +1 dagger of holy wrath
Armour
 b - a +0 ring mail (worn)
 s - a +2 pair of gloves (worn)
Jewellery
 i - a ring of protection from fire (left hand)
 k - an amulet of faith (around neck)
Wands
 y - a wand of flame (30/48)
Scrolls
 c - 3 scrolls of teleportation
 e - a scroll of identify {unknown}
 j - a scroll of noise {unknown}
 m - 3 scrolls of remove curse {unknown}
 o - a scroll of random uselessness {unknown}
 r - a scroll of enchant weapon {unknown}
 v - a scroll of blinking {unknown}
 x - 2 scrolls of magic mapping {unknown}
Potions
 q - a potion of flight
 t - 2 potions of curing
 u - a potion of agility {unknown}
Books
 a - a book of Minor Magic

   Spells                             Type                      Level
   a - Magic Dart                     Conjuration                  1
   b - Blink                          Translocation                2
   c - Call Imp                       Summoning                    2
   d - Slow                           Hexes                        2
   e - Conjure Flame                  Conjuration/Fire             3
   f - Mephitic Cloud                 Conjuration/Poison/Air       3
Comestibles
 f - 4 bread rations
 l - 2 royal jellies
 n - a chunk of flesh
 w - a fruit


   Skills:
 + Level 4.0 Fighting
 + Level 3.7 Long Blades
   Level 2.6 Axes
 + Level 1.2 Throwing
 + Level 2.9 Armour
 + Level 1.6 Dodging
 + Level 0.4 Stealth
   Level 1.1 Shields
 + Level 1.1 Spellcasting
   Level 2.0 Conjurations


You had 7 spell levels left.
You didn't know any spells.

Dungeon Overview and Level Annotations

Branches:
Dungeon (4/15)
 Temple: D:4-7

Altars:
Okawaru
The Shining One


Message History

The sky beast is lightly wounded.
The sky beast misses you. x2
You hit the sky beast.
The sky beast is moderately wounded.
The sky beast barely misses you.
You hit the sky beast but do no damage.
The sky beast is moderately wounded.
The sky beast flickers out of sight!
Deactivating autopickup; reactivate with Ctrl-A.
Something hits you but does no damage.
You hit something. Something hits you.
* * * LOW HITPOINT WARNING * * *
Something shocks you.
* * * LOW HITPOINT WARNING * * *
You miss something. Something hits you but does no damage.
You hit something. Something hits you but does no damage.
You barely miss something. Something hits you.
* * * LOW HITPOINT WARNING * * *
Something shocks you.
You die...

#....#.....#
#....#.....#
########...#.....+
#......#...#.....#
#......#...#
#......'...#
#......#...+
#......#####
##@###....
#{..#....
#...+.....
#...#..... #...#.
#...# #...+ #...#


There were no monsters in sight!

Vanquished Creatures
  Sigmund (D:3)
  3 adders (D:3)
  A worm (D:3)
  2 dart slugs
  2 leopard geckos
  2 orcs (D:3)
  5 giant cockroaches
  9 hobgoblins
  6 jackals (D:1)
  7 kobolds
  A quokka (D:3)
  6 bats
  4 frilled lizards
  5 goblins
  5 rats
59 creatures vanquished.

Notes
Turn   | Place    | Note
-------+----------+-------------------------------------------
     0 | D:1      | slep the Hill Orc Wanderer began the quest for the Orb.
     0 | D:1      | slep set off with: a book of Minor Magic, a +0 ring mail, a scroll of teleportation, a +0 club, a bread ration
     0 | D:1      | Reached XP level 1. HP: 18/18 MP: 2/2
    47 | D:1      | Reached skill level 3 in Fighting
    55 | D:1      | Found an iron altar of Okawaru.
    64 | D:1      | Became a worshipper of Warmaster Okawaru
    75 | D:1      | Reached XP level 2. HP: 24/26 MP: 3/3
   747 | D:2      | Reached XP level 3. HP: 31/31 MP: 4/4
   838 | D:2      | Reached skill level 1 in Long Blades
  1657 | D:3      | Reached XP level 4. HP: 38/39 MP: 5/5
  1990 | D:3      | Found a glowing golden altar of the Shining One.
  2069 | D:3      | Noticed Sigmund
  2090 | D:3      | Killed Sigmund
  2090 | D:3      | Reached * piety under Okawaru
  2090 | D:3      | Reached skill level 4 in Fighting
  2090 | D:3      | Reached skill level 1 in Dodging
  2090 | D:3      | Reached XP level 5. HP: 26/46 MP: 6/6
  2090 | D:3      | Reached XP level 6. HP: 29/52 MP: 7/7
  2346 | D:4      | Noticed a sky beast
  2380 | D:4      | Slain by a sky beast

Vault maps used:
D:1:      nicolae_arrival_somewhat_less_tricky_arrival,
          okawaru_ov_weapons_minmay
D:3:      first_bread, serial_glass, glass_columns_a, glass_columns_a,
          tso_altar, uniq_sigmund
D:4:      serial_forest, infiniplex_forest_clump_curved,
          infiniplex_forest_end_2, infiniplex_forest_lined_room_,
          infiniplex_forest_end_2, infiniplex_forest_clump_tiny,
          infiniplex_forest_lined_3_way, infiniplex_forest_end_double,
          infiniplex_forest_clump_double

Skill      XL: |  1  2  3  4 |
---------------+-------------+-----
Fighting       | 3 4 |  4.0
Long Blades    | 1 3 |  3.7
Armour         | 2 |  2.9
Dodging        | 1 |  1.6
Axes           | |  2.6
Throwing       | |  1.2
Stealth        | |  0.4
Shields        | |  1.1
Spellcasting   | |  1.1
Conjurations   | |  2.0

Action                   |  1- 3 |  4- 6 || total
-------------------------+-------+-------++-------
Melee: Club              |    19 |       ||    19
       Falchion          |   104 |   102 ||   206
  Use: Potion            |       |     4 ||     4
  Eat: Chunk             |     3 |     2 ||     5
Armor: Ring mail         |    70 |    47 ||   117
Dodge: Dodged            |    87 |    49 ||   136
       Rpst.: Falchion   |    21 |    14 ||    35

Table legend:
 A = Spawn XP
 B = Non-spawn XP
 C = Spawn XP percentage of total XP
 D = Spawn monster count
 E = Non-spawn monster count
 F = Spawn count percentage of total count
 G = Total turns spent on level
                    A         B        C        D         E        F      G
               +---------+---------+-------+---------+---------+-------+---------
         Total |       0 |     364 |   0.0 |       0 |      59 |   0.0 |  2380
               +---------+---------+-------+---------+---------+-------+---------
           D:1 |       0 |      33 |   0.0 |       0 |      19 |   0.0 |   741
           D:2 |       0 |      25 |   0.0 |       0 |      16 |   0.0 |   734
           D:3 |       0 |     302 |   0.0 |       0 |      22 |   0.0 |   814
           D:4 |       0 |       4 |   0.0 |       0 |       2 |   0.0 |    91
               +---------+---------+-------+---------+---------+-------+---------
